[Event "*** SCC Grand Prix: Titled Tuesday Blitz"]
[Site "Chess.com"]
[Date "2020.07.14"]
[Round "2"]
[White "Vladislav_Chizhikov"]
[Black "Nara_Kh"]
[Result "1-0"]
[WhiteElo "2459"]
[BlackElo "2264"]
[TimeControl "180+1"]
[EndTime "10:16:59 PDT"]
[Termination "Vladislav_Chizhikov won on time"]

1. e4 c5 2. Nf3 d6 3. c3 Nf6 4. h3 g6 5. Bd3 Bg7 6. Bc2 O-O 7. O-O Nc6 8. d4 b6 9. Re1 e5 10. Na3 a6 11. dxe5 dxe5 12. Qxd8 Rxd8 13. Nc4 Nd7 14. Nd6 Bf8 15. Nxc8 Raxc8 16. a4 c4 17. Be3 Bc5 18. Bh6 f6 19. h4 Nf8 20. Kf1 Ne6 21. b4 Be7 22. Be3 Rb8 23. Red1 Kf7 24. Ke2 Nf4+ 25.
Bxf4 exf4 26. b5 axb5 27. axb5 Na5 28. Nd4 Rdc8 29. Kf3 Bd6 30. Nf5 1-0

[Event "*** SCC Grand Prix: Titled Tuesday Blitz"]
[Site "Chess.com"]
[Date "2020.07.14"]
[Round "2"]
[White "Alopekos"]
[Black "guillejr"]
[Result "1-0"]
[WhiteElo "2352"]
[BlackElo "1971"]
[TimeControl "180+1"]
[EndTime "10:16:59 PDT"]
[Termination "Alopekos won on time"]

1. e4 c5 2. Nc3 a6 3. Nf3 b5 4. d4 cxd4 5. Nxd4 Bb7 6. Bd3 e6 7.
O-O Qc7 8. Re1 d6 9. a4 b4 10. Nd5 exd5 11. exd5+ Kd8 12. Qf3 Nf6 13. Bg5 Nd7 14.
Nc6+ Kc8 15. Bf5 g6 16. Bxf6 gxf5 17. Re8+ Qd8 18. Bxd8 1-0

[Event "*** SCC Grand Prix: Titled Tuesday Blitz"]
[Site "Chess.com"]
[Date "2020.07.14"]
[Round "2"]
[White "Meri-Arabidze"]
[Black "Indianlad"]
[Result "0-1"]
[WhiteElo "2559"]
[BlackElo "2944"]
[TimeControl "180+1"]
[EndTime "10:17:00 PDT"]
[Termination "Indianlad won by resignation"]

1. d4 Nf6 2. c4 e6 3. Nf3 d5 4.
Nc3 a6 5. e3 dxc4 6. a4 b6 7.
Bxc4 Bb7 8. O-O Bb4 9. Qe2 O-O 10. Rd1 Nbd7 11. Ne5 Nxe5 12. dxe5 Nd7 13. f4 Qe7 14.
Na2 a5 15. Nxb4 axb4 16. Bd2 f6 17. e4 Kh8 18. exf6 Nxf6 19. Bd3 Rad8 20. e5 Nd5 21. Qe4 g6 22. Qc4 c5 23. a5 Nxf4 24. Bxf4 Rd4 25. Qxd4 cxd4 26. Bh6 Rf7 27. Rf1 Rf5 28.
Bxf5 gxf5 29. axb6 Qh4 30. Ra7 Qe4 31. Rxb7 Qxb7 32.
Ra1 d3 33. Ra7 Qxb6+ 0-1

[Event "*** SCC Grand Prix: Titled Tuesday Blitz"]
[Site "Chess.com"]
[Date "2020.07.14"]
[Round "2"]
[White "Alindsay211"]
[Black "Doraemon7"]
[Result "0-1"]
[WhiteElo "2300"]
[BlackElo "2633"]
[TimeControl "180+1"]
[EndTime "10:17:00 PDT"]
[Termination "Doraemon7 won by resignation"]

1. d4 Nf6 2. c4 e6 3. Nf3 d5 4.
cxd5 exd5 5. Nc3 c6 6. Bg5 Bf5 7. Ne5 h6 8. Bxf6 Qxf6 9. Qb3 b5 10. e3 Nd7 11. Nxd5 cxd5 12. Qxd5 Bb4+ 13. Kd1 O-O 14. Bxb5 Nxe5 15. Qxe5 Qxe5 16. dxe5 Rfd8+ 17. Ke2 Rd2+ 18. Kf3 Rxb2 19. Rhd1 h5 20. h3 Bc3 21. Bd3 Bxd3 22. Rxd3 Bxe5 23. Rad1 Rxa2 24. Rd5 f6 25. Rd7 a5 26.
Rb7 a4 27. Rdd7 f5 28. Re7 Bf6 29. Red7 a3 30. Rd5 Rb2 31. Rbd7 a2 32. Rxf5 a1=Q 33. Rxh5 Qf1 0-1

[Event "*** SCC Grand Prix: Titled Tuesday Blitz"]
[Site "Chess.com"]
[Date "2020.07.14"]
[Round "2"]
[White "Haapana"]
[Black "Zarinur"]
[Result "0-1"]
[WhiteElo "2346"]
[BlackElo "2059"]
[TimeControl "180+1"]
[EndTime "10:17:00 PDT"]
[Termination "Zarinur won on time"]

1. e4 e5 2. Nf3 Nc6 3. Bb5 a6 4.
Ba4 d6 5. O-O Bg4 6. Bxc6+ bxc6 7. d3 Nf6 8. Nbd2 Be7 9. h3 Bd7 10. d4 exd4 11. Nxd4 O-O 12. Re1 Re8 13. b3 Bf8 14.
Bb2 c5 15. N4f3 Bc6 16. e5 Nd5 17. Ne4 Nf4 18. Qc1 Ng6 19. Qe3 d5 20. Nxc5 d4 21.
Bxd4 Bxf3 22. gxf3 Bxc5 23. Bxc5 Rxe5 24. Qd4 Qg5+ 25. Kh1 Rxc5 0-1

[Event "*** SCC Grand Prix: Titled Tuesday Blitz"]
[Site "Chess.com"]
[Date "2020.07.14"]
[Round "2"]
[White "Angry_Twin"]
[Black "Filip_Covic"]
[Result "1-0"]
[WhiteElo "2764"]
[BlackElo "2486"]
[TimeControl "180+1"]
[EndTime "10:17:02 PDT"]
[Termination "Angry_Twin won on time"]

1. e4 e5 2. Nf3 Nc6 3. Bc4 g6 4. O-O Bg7 5. c3 Nge7 6. d4 d6 7. Bg5 h6 8. Bh4 O-O 9. dxe5 Nxe5 10. Nxe5 Bxe5 11. Nd2 g5 12. Bg3 Ng6 13. Qh5 Kg7 14. Nf3 Bxg3 15. hxg3 f5 16. exf5 Bxf5 17. Nd4 Qf6 18.
Qf3 Ne5 19. Qxb7 Bd7 20. Be2 c5 21. Nf3 Rab8 22. Qxa7 Ra8 23. Qb7 Rab8 24. Qd5 Bc6 25. Qd2 Bxf3 26. Bxf3 Qxf3 27. gxf3 Nxf3+ 28. Kg2 Nxd2 29. Rfe1 Rxb2 30. Re2 Nc4 31. Rxb2 1-0

[Event "*** SCC Grand Prix: Titled Tuesday Blitz"]
[Site "Chess.com"]
[Date "2020.07.14"]
[Round "2"]
[White "FontVella8"]
[Black "Ausbildung"]
[Result "1-0"]
[WhiteElo "2508"]
[BlackElo "2197"]
[TimeControl "180+1"]
[EndTime "10:17:02 PDT"]
[Termination "FontVella8 won by resignation"]

1. b3 d6 2. Bb2 Nf6 3. Nf3 g6 4. g3 Bg7 5. Bg2 O-O 6. O-O c6 7. c4 Nbd7 8. d4 Re8 9. Nbd2 Qc7 10. Qc2 e5 11. e3 e4 12. Ng5 Nf8 13. Ngxe4 Nxe4 14.
Bxe4 Bh3 15. Bg2 Qd7 16. Rfe1 h5 17. Nf3 Bh6 18. d5 cxd5 19. Qc3 f6 20. Qxf6 Bg7 21. Qxg7+ Qxg7 22. Bxg7 Bxg2 23. Kxg2 Kxg7 24. cxd5 Rac8 25. Rac1 Nd7 26. Rc4 Nb6 27. Rd4 Rc2 28. a4 Rec8 29.
a5 Nd7 30. Re4 Kf6 31. Re6+ Kf7 32. Ng5+ Kg7 33. Re7+ Kf6 34. Rxd7 Kxg5 35. h4+ Kf5 36. Rxd6 R8c3 37. e4+ Ke5 38. Re6+ Kd4 39. d6 Rd2 40. e5 Kc5 41. Rxg6 Rcc2 42. Rf6 Kc6 43. Rf7 Kb5 44. e6 Rxd6 45. e7 Rc8 46. Rf8 Rdc6 47. Rxc8 1-0

[Event "*** SCC Grand Prix: Titled Tuesday Blitz"]
[Site "Chess.com"]
[Date "2020.07.14"]
[Round "2"]
[White "jsl796"]
[Black "Fighter008"]
[Result "1-0"]
[WhiteElo "2859"]
[BlackElo "2527"]
[TimeControl "180+1"]
[EndTime "10:17:03 PDT"]
[Termination "jsl796 won by resignation"]

1. d4 Nf6 2. c4 g6 3. Nc3 Bg7 4. e4 d6 5. h3 O-O 6. Be3 c6 7. Nf3 Na6 8. Bd3 e5 9. O-O Nh5 10. Re1 Nf4 11. Bf1 Ne6 12. d5 cxd5 13. cxd5 Nf4 14.
Bxf4 exf4 15. e5 dxe5 16. Nxe5 Nc5 17. d6 Be6 18. Rc1 a6 19. Nd5 Nd7 20. Nxd7 Qxd7 21. Rc7 Qd8 22. Nxf4 Bxa2 23. b3 Qg5 24. g3 Qa5 25.
Bc4 Rad8 26. Ree7 Qb6 27. Qc2 Qxd6 28. Qxa2 Be5 29. Rxf7 Qd1+ 30. Kg2 Bxc7 31. Rxc7+ Kh8 32. Qb2+ Qd4 33. Qxd4+ Rxd4 34. Ne6 1-0

[Event "*** SCC Grand Prix: Titled Tuesday Blitz"]
[Site "Chess.com"]
[Date "2020.07.14"]
[Round "2"]
[White "Fortitudine"]
[Black "Chigorinetz"]
[Result "0-1"]
[WhiteElo "2281"]
[BlackElo "2506"]
[TimeControl "180+1"]
[EndTime "10:17:04 PDT"]
[Termination "Chigorinetz won by resignation"]

1. d4 d5 2. Nc3 Bg4 3. Bf4 Nc6 4.
Qd2 Nf6 5. f3 Bh5 6. e3 e6 7. a3 Bd6 8. Bxd6 cxd6 9. Bd3 Bg6 10. Nge2 Rc8 11. h4 a6 12. Nf4 Bxd3 13. Qxd3 Na5 14.
g4 b5 15. g5 Nd7 16. Rg1 Nc4 17. b3 Na5 18. Na2 Qb6 19. h5 Ke7 20. Nb4 Qb7 21. Ke2 Nc6 22. g6 hxg6 23. hxg6 Nxb4 24. axb4 f5 25. Rg2 Nf6 26. Rag1 Qc7 27. Kd1 a5 28. bxa5 Qxa5 29. Ke2 Qa2 30. Qd2 Rxc2 0-1

[Event "*** SCC Grand Prix: Titled Tuesday Blitz"]
[Site "Chess.com"]
[Date "2020.07.14"]
[Round "2"]
[White "GothamChess"]
[Black "silverback96"]
[Result "1-0"]
[WhiteElo "2601"]
[BlackElo "2226"]
[TimeControl "180+1"]
[EndTime "10:17:05 PDT"]
[Termination "GothamChess won by checkmate"]

1. e4 e6 2. b3 d5 3. Bb2 dxe4 4. Nc3 Nf6 5. Qe2 Bb4 6. g4 Qe7 7. a3 Bd6 8. g5 Nd5 9. Nxe4 Rg8 10. Nh3 Nc6 11. c4 Nf4 12. Qe3 e5 13. c5 Bxc5 14. Nxc5 Nxh3 15. Ne4 Nf4 16. Rc1 Bf5 17. Rg1 O-O-O 18.
f3 Qd7 19. Bc3 Bxe4 20. fxe4 f5 21. Kd1 fxe4 22. Qxe4 Qf7 23. Kc2 Nd4+ 24. Kb1 Qxb3+ 25. Bb2 Rd6 26. Bc4 Qa4 27. Bxg8 Rb6 28. Rxc7+ Kxc7 29. Qxe5+ Kc6 30. Rc1+ Kd7 31. Rc7+ Kd8 32. Qe7# 1-0

[Event "*** SCC Grand Prix: Titled Tuesday Blitz"]
[Site "Chess.com"]
[Date "2020.07.14"]
[Round "2"]
[White "124chess"]
[Black "pedro_gines"]
[Result "1-0"]
[WhiteElo "2688"]
[BlackElo "2458"]
[TimeControl "180+1"]
[EndTime "10:17:06 PDT"]
[Termination "124chess won by checkmate"]

1. d4 d5 2. c4 c6 3. Nf3 Nf6 4. e3 Bg4 5. h3 Bxf3 6. Qxf3 e6 7. a3 Nbd7 8. Nc3 g6 9. Bd2 Bg7 10. g4 O-O 11. h4 dxc4 12. Bxc4 e5 13. O-O-O exd4 14.
exd4 Nb6 15. Ba2 Qxd4 16. Bf4 Qc5 17. Bd6 Qa5 18. Bb4 Qe5 19. Rhe1 Qh2 20. Bxf8 Rxf8 21. g5 Nfd5 22. Nxd5 cxd5 23. Qg3 Qxg3 24. fxg3 Na4 25. Rd2 d4 26. Re7 Nc5 27. b4 Ne6 28. Rf2 Be5 29. Rfxf7 Rc8+ 30. Kd1 d3 31. Bxe6 Bf4 32. Rg7+ Kh8 33. Rxh7# 1-0

[Event "*** SCC Grand Prix: Titled Tuesday Blitz"]
[Site "Chess.com"]
[Date "2020.07.14"]
[Round "2"]
[White "alexsergeyev"]
[Black "Boudicca64"]
[Result "1-0"]
[WhiteElo "2340"]
[BlackElo "1802"]
[TimeControl "180+1"]
[EndTime "10:17:07 PDT"]
[Termination "alexsergeyev won by resignation"]

1. d4 g6 2. Nc3 Bg7 3. e4 c5 4.
d5 d6 5. Nf3 Nf6 6. Bb5+ Nbd7 7. O-O a6 8. Bxd7+ Bxd7 9. e5 Ng4 10. exd6 exd6 11. Re1+ Kf8 12. Bf4 Be8 13. h3 Nf6 14.
Qd2 b5 15. Bh2 b4 16. Ne2 Ne4 17. Qd3 f5 18. c3 Rc8 19. Rad1 Qb6 20. Nf4 Bd7 21.
Ne6+ Bxe6 22. dxe6 bxc3 23. bxc3 Bxc3 24. Rxe4 fxe4 25.
Qxc3 Rg8 26. Qf6+ Ke8 27. Qf7+ 1-0

[Event "*** SCC Grand Prix: Titled Tuesday Blitz"]
[Site "Chess.com"]
[Date "2020.07.14"]
[Round "2"]
[White "amintabatabaei"]
[Black "Flawless_Fighter"]
[Result "1-0"]
[WhiteElo "3014"]
[BlackElo "2574"]
[TimeControl "180+1"]
[EndTime "10:17:08 PDT"]
[Termination "amintabatabaei won by resignation"]

1. e4 c6 2. d4 d5 3. Nd2 dxe4 4. Nxe4 Bf5 5. Ng3 Bg6 6. h4 h6 7. Nf3 Nd7 8. Bd3 Bxd3 9. Qxd3 e6 10. Bf4 Qa5+ 11.
Bd2 Bb4 12. c3 Be7 13. c4 Bb4 14. Ne4 Bxd2+ 15. Nfxd2 Qc7 16. Qa3 c5 17. dxc5 Ne7 18. Nd6+ Kf8 19. b4 a5 20. O-O Nc6 21. b5 Nb4 22.
Qf3 Nxc5 23. N2e4 Nxe4 24. Nxe4 Ke7 25. a3 Nc2 26. Rad1 Rhd8 27. Qc3 Qf4 28. Qxc2 Qxh4 29. a4 Rac8 30. c5 Qh5 31. Rxd8 Rxd8 32. Qc3 Qd5 33. Ng3 Rc8 34. Qxg7 Rxc5 35. Qxh6 Rc2 36. Qh4+ Ke8 37.
Qh8+ Ke7 38. Qh4+ Ke8 39. Qe4 Qd7 40. Qxc2 1-0

[Event "*** SCC Grand Prix: Titled Tuesday Blitz"]
[Site "Chess.com"]
[Date "2020.07.14"]
[Round "2"]
[White "731291"]
[Black "RodinMihail"]
[Result "1-0"]
[WhiteElo "2660"]
[BlackElo "2432"]
[TimeControl "180+1"]
[EndTime "10:17:08 PDT"]
[Termination "731291 won by resignation"]

1. d4 d5 2. Nf3 Nf6 3. c4 e6 4. g3 c6 5. Bg2 Nbd7 6. O-O Bd6 7. Bg5 dxc4 8. e4 e5 9. Nbd2 b5 10. Qc2 Bb7 11. Rad1 h6 12. Be3 Qe7 13. b3 cxb3 14. Nxb3 O-O 15. Na5 Rab8 16. dxe5 Nxe5 17. Nxe5 Bxe5 18.
Bxa7 Qc7 19. Bxb8 Rxb8 20. Nxb7 Rxb7 21. f4 Qb6+ 22. Qf2 Bc7 23. Bf3 Qa6 24. Kg2 Ra7 25. e5 Bb6 26. Qd2 Nd7 27. Bxc6 Ba5 28. Qd6 Bb4 29. Qxb4 Qxc6+ 30. Rf3 Rxa2+ 31. Rd2 Ra4 32. Qd6 Nb8 33. Qxb8+ 1-0

[Event "*** SCC Grand Prix: Titled Tuesday Blitz"]
[Site "Chess.com"]
[Date "2020.07.14"]
[Round "2"]
[White "vaishali2001"]
[Black "Bastiandash"]
[Result "1-0"]
[WhiteElo "2619"]
[BlackElo "2324"]
[TimeControl "180+1"]
[EndTime "10:17:08 PDT"]
[Termination "vaishali2001 won on time"]

1. c4 Nf6 2. Nf3 e6 3. g3 d5 4. b3 b6 5. Bg2 Bb7 6. O-O d4 7.
e3 dxe3 8. dxe3 Qxd1 9. Rxd1 Be7 10. Nc3 Nbd7 11. Nb5 Bd8 12. Nfd4 Bxg2 13. Kxg2 a6 14. Nc3 O-O 15. Nc6 Nc5 16. Ba3 Re8 17. Bxc5 bxc5 18. Na4 Ne4 19. f3 Nd6 20. e4 Nb7 21.
Rd7 Rc8 22. Rad1 Bg5 23. f4 Bf6 24. e5 Bd8 25. Kf3 Kf8 26. Rb1 a5 27. a3 Be7 28.
Rbd1 g6 29. R1d3 h5 30. h4 Nd8 31. Nxe7 1-0

[Event "*** SCC Grand Prix: Titled Tuesday Blitz"]
[Site "Chess.com"]
[Date "2020.07.14"]
[Round "2"]
[White "ZverevLev"]
[Black "doons21"]
[Result "0-1"]
[WhiteElo "2342"]
[BlackElo "2628"]
[TimeControl "180+1"]
[EndTime "10:17:09 PDT"]
[Termination "doons21 won by resignation"]

1. e4 e6 2. d4 d5 3. Nc3 Bb4 4. e5 Ne7 5. a3 Bxc3+ 6. bxc3 c5 7. Qg4 Kf8 8. Bd2 Qc7 9. Bd3 b6 10. Nf3 Ba6 11. Bxa6 Nxa6 12. O-O Rc8 13. Rac1 h6 14. h4 Nb8 15. Qh3 Nbc6 16. Be3 Na5 17. Nd2 h5 18. Nb3 Nxb3 19. cxb3 c4 20. b4 Nf5 21. Bd2 Kg8 22.
Kh1 a5 23. b5 a4 24. Rb1 Qe7 25. Rb4 Ra8 26. g3 f6 27. f4 Qf7 28. Qg2 Qg6 29.
Kh2 Kf7 30. Bc1 Rhf8 31. exf6 gxf6 32. Re1 Rg8 33. Rxc4 dxc4 34. Qb7+ Ne7 35. d5 Qxg3+ 0-1

[Event "*** SCC Grand Prix: Titled Tuesday Blitz"]
[Site "Chess.com"]
[Date "2020.07.14"]
[Round "2"]
[White "jannat65"]
[Black "NemtsevIgor"]
[Result "0-1"]
[WhiteElo "1803"]
[BlackElo "2342"]
[TimeControl "180+1"]
[EndTime "10:17:11 PDT"]
[Termination "NemtsevIgor won by resignation"]

1. e4 c6 2. d4 d5 3. exd5 cxd5 4. Nf3 Nf6 5. Be3 Bg4 6. h3 Bh5 7. Nc3 Nc6 8. Be2 e6 9. O-O Be7 10. Ne5 Bxe2 11. Qxe2 O-O 12. Rad1 Rc8 13. a3 a6 14. f4 b5 15. f5 exf5 16. Rxf5 Na5 17. Kh1 Nc4 18.
Nxc4 Rxc4 19. Bg5 Rxc3 20. Bxf6 Rc7 21. Be5 Rc6 22. Qf3 Rg6 23. Rf4 f6 24. Bxf6 Bxf6 25.
Qe3 Re8 26. Qf2 Qe7 27. Qf1 Qe2 28. Rf2 Qxf1+ 29. Rdxf1 Bxd4 30. Rf7 Rf6 31. R7xf6 Bxf6 32. b3 Re2 33. Rf5 d4 34. Rc5 Be5 35. Kg1 Bg3 36. Rf5 Re1+ 37. Rf1 Bh2+ 38. Kf2 Rxf1+ 39. Kxf1 Bd6 40. Ke2 Bxa3 41. Kd3 Bc5 0-1

[Event "*** SCC Grand Prix: Titled Tuesday Blitz"]
[Site "Chess.com"]
[Date "2020.07.14"]
[Round "2"]
[White "AndrewMaco"]
[Black "Sacbutt"]
[Result "1-0"]
[WhiteElo "2610"]
[BlackElo "2298"]
[TimeControl "180+1"]
[EndTime "10:17:12 PDT"]
[Termination "AndrewMaco won by resignation"]

1. e4 c5 2. Nf3 d6 3. d4 cxd4 4. Nxd4 Nf6 5. Nc3 a6 6. f3 e5 7. Nb3 Be6 8. Be3 Nbd7 9. Nd5 Bxd5 10. exd5 Be7 11. Qd2 O-O 12. Be2 b5 13. Na5 Qc7 14. Nc6 Rfe8 15. O-O-O Nb6 16. Bxb6 Qxb6 17. Kb1 Rac8 18. h4 Nxd5 19. Nxe7+ Nxe7 20. Qxd6 Qf2 21. Bd3 Qxg2 22. Rhg1 Qxf3 23. Rdf1 Qd5 24. Qxa6 Ra8 25. Qxb5 Qxa2+ 26. Kc1 Rab8 27. Bc4 Qa1+ 28. Kd2 Red8+ 29. Ke2 Rxb5 30. Rxa1 Rxb2 31. Bb3 Nd5 32. Rgf1 Kf8 33. Ra7 f6 34. Rfa1 Nf4+ 35. Kf3 h5 36. Rf7+ Ke8 37. Rxg7 Rxb3+ 38. cxb3 Rd3+ 39. Ke4 Rd4+ 40. Kf5 Kf8 41. Raa7 Nd5 42. Rgf7+ Kg8 43. Rfb7 Rf4+ 44. Kg6 Rg4+ 45. Kxh5 Nf4+ 46. Kxg4 1-0

[Event "*** SCC Grand Prix: Titled Tuesday Blitz"]
[Site "Chess.com"]
[Date "2020.07.14"]
[Round "2"]
[White "Alex_Molchanov"]
[Black "GM_Levan_Pantsulaia"]
[Result "0-1"]
[WhiteElo "2516"]
[BlackElo "2830"]
[TimeControl "180+1"]
[EndTime "10:17:13 PDT"]
[Termination "GM_Levan_Pantsulaia won by checkmate"]

1. d4 Nf6 2. Nf3 c5 3. e3 g6 4.
Be2 Bg7 5. O-O O-O 6. d5 d6 7.
c4 e6 8. Nc3 exd5 9. cxd5 Re8 10. h3 Na6 11. Nd2 Nc7 12. Nf3 a6 13. a4 Rb8 14. a5 Bd7 15. Re1 Nb5 16. Bd2 Ne4 17.
Nxe4 Rxe4 18. Qc2 Re8 19. Bf1 Rc8 20. Bc3 Nc7 21. Bxg7 Kxg7 22. e4 Qf6 23. Ra3 Bb5 24.
Rae3 Bxf1 25. Kxf1 Nb5 26. Qd2 Re7 27. e5 dxe5 28. Nxe5 Rce8 29. Nc4 Nd4 30. d6 Rxe3 31.
Rxe3 Rd8 32. Qd3 Nf5 33. Re1 Nxd6 34. Rd1 Ne4 35. Qxd8 Qxf2# 0-1

[Event "*** SCC Grand Prix: Titled Tuesday Blitz"]
[Site "Chess.com"]
[Date "2020.07.14"]
[Round "2"]
[White "googlegoom"]
[Black "abykhovsky"]
[Result "0-1"]
[WhiteElo "2464"]
[BlackElo "2697"]
[TimeControl "180+1"]
[EndTime "10:17:13 PDT"]
[Termination "abykhovsky won by resignation"]

1. Nf3 c5 2. b3 d5 3. Bb2 f6 4.
d4 cxd4 5. Nxd4 e5 6. Nf3 Nc6 7.
e3 Be6 8. Be2 Bb4+ 9. Nbd2 Nge7 10. a3 Ba5 11. b4 Bb6 12. c4 e4 13. Nd4 Nxd4 14. Bxd4 Bxd4 15. exd4 O-O 16. c5 f5 17. f4 g5 18. O-O gxf4 19. Rxf4 Ng6 20. Rf1 Qg5 21. Kh1 f4 22. Qe1 Rf7 23. Rf2 Raf8 24. Nf1 e3 25. Rf3 Nh4 26. g3 Nxf3 27. Bxf3 fxg3 28. Bg2 Rf2 29. Nxg3 Qf4 30. Kg1 Qxd4 31. Rd1 Qe5 32. Rd3 d4 33. Ne2 Rxg2+ 34. Kxg2 Qe4+ 35. Kg1 Qxd3 36. Qg3+ Qg6 0-1

[Event "*** SCC Grand Prix: Titled Tuesday Blitz"]
[Site "Chess.com"]
[Date "2020.07.14"]
[Round "2"]
[White "AsselLesbekova"]
[Black "GiantThresher"]
[Result "0-1"]
[WhiteElo "2319"]
[BlackElo "2671"]
[TimeControl "180+1"]
[EndTime "10:17:13 PDT"]
[Termination "GiantThresher won by resignation"]

1. e4 c5 2. Nf3 Nc6 3. Bb5 g6 4. O-O Bg7 5. Re1 Nf6 6. c3 O-O 7. d4 d5 8. e5 Ne4 9. Bd3 Bg4 10. Be3 cxd4 11. cxd4 Qb6 12. Nbd2 Nxd2 13. Bxd2 Bxf3 14.
Qxf3 e6 15. Bc3 Nxd4 16. Qe3 Nc6 17. Qxb6 axb6 18. a4 Rfc8 19. f4 Bf8 20. Bb5 Bc5+ 21. Kf1 Nd4 22. Bxd4 Bxd4 23. Re2 Bc5 24. Rc1 Bb4 25.
Rec2 Rc5 26. Ke2 Rac8 27. Kd3 Kf8 28. g4 Ke7 29. h4 Rf8 30. Rf1 f6 31. exf6+ Rxf6 32. Rxc5 bxc5 33. Ke3 c4 34. Kd4 Kd6 35. Ke3 Bc5+ 36.
Ke2 Bd4 37. b3 cxb3 38. Kd3 b2 39. Kxd4 Rxf4+ 40. Kc3 Rxf1 41. Kxb2 Rf4 42. Be2 Rf2 0-1

[Event "*** SCC Grand Prix: Titled Tuesday Blitz"]
[Site "Chess.com"]
[Date "2020.07.14"]
[Round "2"]
[White "kingofthenil"]
[Black "IgotJinxed"]
[Result "0-1"]
[WhiteElo "2395"]
[BlackElo "2168"]
[TimeControl "180+1"]
[EndTime "10:17:13 PDT"]
[Termination "IgotJinxed won by checkmate"]

1. e4 c6 2. c4 d5 3. cxd5 cxd5 4. exd5 Nf6 5. Nc3 Nxd5 6. Nf3 Nc6 7. Bb5 g6 8. Qa4 Nxc3 9. Bxc6+ bxc6 10. Qxc6+ Qd7 11. Qxc3 Ba6 12. Qxh8 f6 13. Qg8 Rc8 14. Qb3 Rc6 15. d3 Bxd3 16. Be3 Bc2 17. Qb5 Bd3 18. Qa5 e5 19.
Rc1 Rxc1+ 20. Bxc1 Qc6 21. Qc3 Qe4+ 22. Be3 Bb4 23. Kd2 Bxc3+ 24. bxc3 Bc4 25. Kc1 Bxa2 26. Kb2 Be6 27. Ra1 Qb7+ 28. Kc2 Qb3+ 29. Kd3 Bc4+ 30.
Ke4 Qc2# 0-1

[Event "*** SCC Grand Prix: Titled Tuesday Blitz"]
[Site "Chess.com"]
[Date "2020.07.14"]
[Round "2"]
[White "DinaBelenkaya"]
[Black "Warre"]
[Result "1-0"]
[WhiteElo "2274"]
[BlackElo "2437"]
[TimeControl "180+1"]
[EndTime "10:17:14 PDT"]
[Termination "DinaBelenkaya won by resignation"]

1. e4 e5 2. Nf3 Nc6 3. d4 exd4 4. Nxd4 Nf6 5. Nxc6 bxc6 6. Bd3 d5 7. exd5 cxd5 8.
O-O Be7 9. c4 d4 10. b4 O-O 11. a3 c5 12. b5 Be6 13. Bg5 h6 14. Bh4 a6 15. Nd2 axb5 16. cxb5 Nd5 17. Bxe7 Qxe7 18. Qf3 Nc3 19. Rfe1 Ra5 20. b6 Rb8 21. Nc4 Ra6 22. Bf5 Raxb6 23. Nxb6 Rxb6 24. Qa8+ Qf8 25. Qa7 Rb2 26. Bxe6 fxe6 27. f3 Ne2+ 28. Kf1 Nf4 29.
Rab1 Rd2 30. Rb8 1-0

[Event "*** SCC Grand Prix: Titled Tuesday Blitz"]
[Site "Chess.com"]
[Date "2020.07.14"]
[Round "2"]
[White "LawrenceTrent"]
[Black "rpragchess"]
[Result "0-1"]
[WhiteElo "2509"]
[BlackElo "2810"]
[TimeControl "180+1"]
[EndTime "10:17:17 PDT"]
[Termination "rpragchess won by resignation"]

1. e4 c5 2. Nc3 Nc6 3. Bb5 Nd4 4. Nf3 e6 5. O-O a6 6. Bd3 Nc6 7. b3 Nf6 8. Re1 d6 9. Bb2 Be7 10. e5 dxe5 11. Nxe5 Nxe5 12. Rxe5 Bd7 13. Ne4 Qc7 14.
Qc1 Nd5 15. g3 f5 16. Rxd5 exd5 17. Nc3 Qd6 18. Qe1 d4 19. Ne2 O-O-O 20. Nf4 g5 21. Nh5 Bf8 22. b4 Kb8 23. bxc5 Qxc5 24. a4 Bc6 25. Nf6 Bg7 26. Ba3 Qa5 27. Nh5 Qd5 28. Be4 fxe4 29. Nxg7 e3 30. f3 0-1

[Event "*** SCC Grand Prix: Titled Tuesday Blitz"]
[Site "Chess.com"]
[Date "2020.07.14"]
[Round "2"]
[White "dodorox"]
[Black "AsaHoffmann"]
[Result "1/2-1/2"]
[WhiteElo "2122"]
[BlackElo "2393"]
[TimeControl "180+1"]
[EndTime "10:17:19 PDT"]
[Termination "Game drawn - insufficient material"]

1. d4 Nf6 2. c4 c5 3. d5 e5 4. Nc3 d6 5. g3 Be7 6. Bg2 O-O 7. e4 Na6 8. Nge2 Ne8 9. f4 Bf6 10. f5 Bd7 11. Be3 Nec7 12. a4 Bg5 13. Bxg5 Qxg5 14. Qd2 h6 15. Qxg5 hxg5 16. g4 Nb4 17. Kd2 b6 18. h4 gxh4 19. Rxh4 f6 20. Rah1 Kf7 21. Rh7 a6 22. Ng3 b5 23. axb5 axb5 24. cxb5 Nxb5 25. Nxb5 Bxb5 26. Nh5 Rg8 27. g5 fxg5 28. f6 Nd3 29. fxg7 Nf4 30. Nxf4 exf4 31. Bh3 Rxg7 32. Be6+ Kf6 33. R1h6+ Ke5 34. Rxg7 f3 35.
Rxg5+ Kd4 36. Rf5 Be2 37. Rh3 Ra2 38. Kc2 c4 39. Rhxf3 Bd3+ 40. Rxd3+ cxd3+ 41. Kb3 Ra1 42. Rf2 Ke3 43. Rh2 d2 44. Rxd2 Kxd2 45. Kb4 Rb1 46. Kb5 Kd3 47. Kc6 Kxe4 48. Kxd6 Rxb2 49. Ke7 Rd2 50.
d6 Rxd6 51. Kxd6 1/2-1/2

[Event "*** SCC Grand Prix: Titled Tuesday Blitz"]
[Site "Chess.com"]
[Date "2020.07.14"]
[Round "2"]
[White "Nf3c5"]
[Black "ChessWarrior7197"]
[Result "0-1"]
[WhiteElo "2526"]
[BlackElo "2858"]
[TimeControl "180+1"]
[EndTime "10:17:20 PDT"]
[Termination "ChessWarrior7197 won on time"]

1. e4 c5 2. b3 Nf6 3. e5 Nd5 4. Bb2 g6 5. Qf3 Nb6 6. Qg3 Bg7 7. Nc3 Nc6 8. f4 d6 9. Nf3 O-O 10. O-O-O dxe5 11. Nxe5 Nxe5 12. fxe5 Bf5 13. h4 h5 14. d3 Nd7 15. Ne4 Bxe4 16. dxe4 Qc7 17. Bc4 e6 18. Rd6 Rad8 19. Rhd1 Nb6 20. Be2 Nc8 21.
Kb1 Qe7 22. Qf4 a6 23. g4 hxg4 24. Bxg4 Qxh4 25. Qf3 Nxd6 26. Rh1 Qg5 27. Qh3 Rfe8 28. Qh7+ Kf8 29. exd6 Bxb2 30. Kxb2 Qf6+ 31. c3 Rxd6 32. Qh2 Red8 33. Qh6+ Qg7 34. Qe3 Rd2+ 35. Ka3 Kg8 36. e5 R2d3 37. Qf4 R3d5 38. Re1 c4 39. b4 Rd3 40.
Kb2 Qh8 41. Rf1 Qg7 42. Qxc4 Qxe5 0-1

[Event "*** SCC Grand Prix: Titled Tuesday Blitz"]
[Site "Chess.com"]
[Date "2020.07.14"]
[Round "2"]
[White "Nathan_Filgueiras"]
[Black "fish7728"]
[Result "1-0"]
[WhiteElo "2414"]
[BlackElo "2174"]
[TimeControl "180+1"]
[EndTime "10:17:20 PDT"]
[Termination "Nathan_Filgueiras won by resignation"]

1. e4 c5 2. Nf3 e6 3. d4 cxd4 4. Nxd4 a6 5. Bd3 Qc7 6. O-O Nf6 7. Qe2 d6 8. c4 Be7 9. Nc3 O-O 10. Be3 Nbd7 11. Rac1 b6 12. f4 Bb7 13. f5 e5 14.
Nd5 Qd8 15. Nf3 Nc5 16. Nd2 Nxd5 17. cxd5 Bg5 18. b4 Bxe3+ 19. Qxe3 Nxd3 20. Qxd3 f6 21. Nc4 Rc8 22. Qe3 b5 23. Na5 Ba8 24. Qa7 Rf7 25.
Qxa6 Rfc7 26. Rxc7 Qxc7 27. Nb3 Qb7 28. Qxb7 Bxb7 29.
Rc1 Rxc1+ 30. Nxc1 Kf8 31. Kf2 Ke8 32. Ke3 Kd8 33. Ne2 Ke7 34. g4 g5 35. h3 Kd7 36.
Kd2 Ke7 37. Kc3 Ba6 38. Kb3 Kd7 39. a3 Ke8 40. Nc1 Kd7 41. Kc3 Ke7 42. Nb3 Kd7 43. Na5 Kc7 44. Nc6 Kd7 45. Nb8+ 1-0

[Event "*** SCC Grand Prix: Titled Tuesday Blitz"]
[Site "Chess.com"]
[Date "2020.07.14"]
[Round "2"]
[White "Gandrade2"]
[Black "2900tactinhos"]
[Result "0-1"]
[WhiteElo "2118"]
[BlackElo "2403"]
[TimeControl "180+1"]
[EndTime "10:17:20 PDT"]
[Termination "2900tactinhos won on time"]

1. d4 Nf6 2. c4 c5 3. d5 b5 4. cxb5 a6 5. bxa6 Bxa6 6. Nc3 d6 7. g3 Nbd7 8. Rb1 g6 9. Bg2 Bg7 10. Nf3 Qa5 11. Bd2 O-O 12. O-O Rfb8 13. b3 Ng4 14.
Qc2 Nge5 15. Nxe5 Nxe5 16. Rfe1 Qc7 17. a4 h5 18. h3 Qa7 19. Kh2 c4 20. Be3 Qc7 21. b4 Nd3 22. Red1 Nxb4 23. Qc1 Qa5 24. Bd2 Bc8 25. Kg1 Qc5 26. Be3 Qa5 27. Bd2 Bd7 28. Nb5 Na2 29. Qc2 Qxa4 30. Qe4 Rxb5 31. Qxe7 Rxb1 32.
Rxb1 c3 33. Be3 c2 34. Rb7 Re8 0-1